 Dungeon Crawl Stone Soup version 0.26-a0-1060-g086102a3f0 (webtiles) character file.

Game seed: 9550565414298095199

77 dolemite99 the Chopper (level 4, -1/39 HPs)
             Began as a Minotaur Fighter on Dec 13, 2020.
             Killed from afar by an orc wizard (10 damage)
             ... with a puff of flame
             ... on level 2 of the Dungeon.
             The game lasted 00:01:12 (927 turns).

dolemite99 the Chopper (Minotaur Fighter)            Turns: 927, Time: 00:01:12

Health: -1/39      AC:  8    Str: 22    XL:     4   Next: 14%
Magic:  3/3        EV:  7    Int:  5    God:
Gold:   123        SH:  9    Dex:  9    Spells: 3/3 levels left

rFire    . . .     SeeInvis .   a - +0 war axe
rCold    . . .     Faith    .   c - +0 kite shield
rNeg     . . .     Spirit   .   b - +0 scale mail
rPois    .         Reflect  .   m - +2 hat
rElec    .         Harm     .   (no cloak)
rCorr    .         Rampage  .   (no gloves)
Will     .....                  (no boots)
Stlth    ..........             (no amulet)
HPRegen  0.13/turn              (no ring)
MPRegen  0.08/turn              (no ring)

@: no status effects
A: retaliatory headbutt, horns 2
a: no special abilities


You were on level 2 of the Dungeon.
You visited 1 branch of the dungeon, and saw 2 of its levels.

You collected 123 gold pieces.

Inventory:

Hand Weapons
 a - a +0 war axe (weapon)
Missiles
 l - 14 stones (quivered)
 o - 6 boomerangs
Armour
 b - a +0 scale mail (worn)
 c - a +0 kite shield (worn)
 m - a +2 hat (worn)
Scrolls
 f - 2 scrolls of teleportation {unknown}
 h - 2 scrolls of remove curse {unknown}
 i - a scroll of enchant armour {unknown}
 p - a scroll of random uselessness {unknown}
 r - a scroll of enchant weapon {unknown}
 s - a scroll of identify {unknown}
Potions
 d - a potion of might
 e - a potion of heal wounds {unknown}
 g - a potion of lignification {unknown}
 j - a potion of brilliance {unknown}
 k - a potion of curing {unknown}
 n - a potion of degeneration {unknown}
 q - 2 potions of mutation {unknown}


   Skills:
 - Level 3.6 Fighting
 + Level 5.4 Axes
 - Level 3.6 Armour
 - Level 3.6 Shields


You had 3 spell levels left.
You didn't know any spells.
Your spell library was empty.

Dungeon Overview and Level Annotations

Branches:
Dungeon (2/15)

Altars:


Innate Abilities, Weirdness & Mutations

You reflexively headbutt those who attack you in melee.
You have a pair of horns on your head.


Message History

Deactivating autopickup; reactivate with Ctrl-A.
You miss something. Something hits you. Something hits you but does no damage.
You miss something. Your headbutt misses something.
Something hits you but does no damage. x2
You miss something. Something hits you. Something hits you but does no damage.
You miss something.
Something hits you but does no damage. x2
You miss something.
Something hits you but does no damage. x2
You barely miss something. Your headbutt misses something. Something hits you.
You hear some strange, mumbled words.
A puff of frost appears from out of thin air!
The puff of frost hits you!
* * * LOW HITPOINT WARNING * * *
You closely miss something. Your headbutt misses something.
You block something's attack.
You miss something. Something hits you but does no damage.
You miss something. Something hits you but does no damage.
You hear some strange, mumbled words.
A puff of flame appears from out of thin air!
The puff of flame hits you!
You die...

#................# ...
#............)...#....
#.....................
#...............#.####
#...............# #
#......########o#
#............##g#
######.#####.##{# #.#
.##@# #†# ....##.# #.#
...##.# #.# ......#
#.# ....### #####.#
..#.#..
#.....#####.#.#.###
#.#....)....#.#.#..
#.....###.#.#.#.#.#


You could see an orc and a hobgoblin.

Vanquished Creatures
  An adder (D:2)
  A gnoll (D:1)
  A dart slug (D:1)
  A leopard gecko (D:2)
  2 orcs (D:2)
  2 giant cockroaches
  3 goblins
  7 hobgoblins
  4 jackals (D:1)
  3 kobolds (D:1)
  A bat (D:1)
  A frilled lizard (D:1)
  4 rats
31 creatures vanquished.

Vanquished Creatures (others)
  An orc wizard (D:2)
1 creature vanquished.

Grand Total: 32 creatures vanquished

Notes
Turn   | Place    | Note
-------+----------+-------------------------------------------
     0 | D:1      | dolemite99 the Minotaur Fighter began the quest for the
                  | Orb.
     0 | D:1      | Reached XP level 1. HP: 19/19 MP: 0/0
    44 | D:1      | Reached skill level 3 in Axes
    58 | D:1      | Reached XP level 2. HP: 20/26 MP: 1/1
   215 | D:1      | Reached skill level 4 in Axes
   367 | D:1      | Reached XP level 3. HP: 29/31 MP: 2/2
   899 | D:2      | Reached skill level 5 in Axes
   918 | D:2      | Reached XP level 4. HP: 23/39 MP: 3/3
   927 | D:2      | Killed from afar by an orc wizard

Illustrated notes

Levels and vault maps discovered:
D:1:      wander_arrival_desolate, layout_basic,
          wander_ebering_terrifying_dragon_lair
D:2:      layout_basic

Skill      XL: |  1  2  3 |
---------------+----------+-----
Axes           | 3 4 5 |  5.4
Fighting       | |  3.6
Armour         | |  3.6
Shields        | |  3.6

Action                   |  1- 3 |  4- 6 || total
-------------------------+-------+-------++-------
Melee: War axe           |    54 |     9 ||    63
       Headbutt          |    10 |       ||    10
Throw: Stone             |    26 |       ||    26
Armor: Scale mail        |    30 |    10 ||    40
Dodge: Dodged            |    14 |       ||    14
Block: Kite shield       |    32 |     1 ||    33

Table legend: (Time is in decaauts)
 A = Elapsed time spent in this place.
 B = Non-inter-level travel time spent in this place.
 C = Inter-level travel time spent in this place.
 D = Time resting spent in this place.
 E = Time spent auto-exploring this place.
 F = Levels seen in this place.
 G = Mean time per level.
                   A        B        C        D        E       F      G
               +--------+--------+--------+--------+--------+-----+--------+
         Total |    952 |    929 |     23 |    213 |    461 |   2 |  476.0 |
       Dungeon |    952 |    929 |     23 |    213 |    461 |   2 |  476.0 |
               +--------+--------+--------+--------+--------+-----+--------+

Top non-repeatable levels by time:
     D:1: 809 daAuts
     D:2: 143 daAuts
